Map: Ulrena

Players

LilDicky

  • Race: Terran Terran
  • League: Diamond

DaSwarm - Winner!

  • Race: Zerg Zerg
  • League: Gold

VOD

http://www.twitch.tv/tumescentpie

Description

Time

  • Played on: Dec. 31, 2015, 3:09 p.m.
  • Length: 4:12
Show
View Real Time Build Order
Export as new Build Order

LilDicky Terran 

Build Orders: Command Center First (CC) 

Get SALT Encoding   

  12  0:01  SCV  
  13  0:13  SCV  
  14  0:18  Supply Depot  
  14  0:30  SCV  
  15  0:42  SCV  
  16  0:54  SCV  
  17  1:06  SCV  
  17  1:09  Command Center  
  18  1:19  SCV  
  18  1:23  Barracks  
  19  1:31  SCV  
  20  1:47  SCV  
  20  1:49  Barracks  
  20  1:50  Barracks  
  21  1:54  Refinery  
  21  1:59  SCV  
  22  2:11  Supply Depot, Marine  
  23  2:22  Orbital Command  
  23  2:26  Supply Depot  
  23  2:29  Marine  
  22  2:37  Marine x2  
  22  2:41  SCV  
  24  2:47  Marine  
  23  2:53  SCV  
  23  2:55  Marine x2  
  23  2:57  SCV  
  26  3:04  Marine  
  27  3:08  Orbital Command  
  27  3:09  SCV  
  28  3:21  SCV  
  29  3:30  Marine x3  
  28  3:47  Marine x2  
  28  3:48  Marine  
  25  3:56  SCV x2  
Show
View Real Time Build Order
Export as new Build Order

DaSwarm Zerg - Winner!

Build Orders: Pool First 

Get SALT Encoding   

  12  0:01  Drone  
  13  0:12  Overlord  
  13  0:19  Drone  
  14  0:31  Drone x2  
  16  0:36  Drone  
  17  0:45  Spawning Pool  
  17  0:49  Drone  
  17  0:59  Drone, Extractor  
  17  1:20  Hatchery  
  17  1:22  Drone  
  17  1:23  Drone  
  18  1:32  Zergling x2  
  19  1:38  Queen  
  21  1:44  Zergling x2  
  22  1:50  Overlord  
  22  2:04  Roach Warren  
  21  2:19  Drone  
  21  2:20  Drone  
  23  2:40  Overlord  
  23  2:43  Roach  
  23  2:44  Roach x3  
  29  3:02  Roach x2  
  29  3:04  Queen  
  35  3:06  Drone x2  
  37  3:17  Roach  
  39  3:33  Roach x2  
  43  3:38  Overlord  
  37  3:49  Zergling x8  
  37  3:50  Zergling x4  
Tags
 
Add a new tag
Caveats
  • Supply blocks, unpowered buildings, or Contaminate may cause inaccurate times.
  • Supply counts are checked every 10 seconds.